 Dungeon Crawl Stone Soup version bcrawl-1.19.1 (webtiles) character file.

Game seed: 10791911949362254463

235 JackS81 the Sneak (level 5, -5/35 HPs)
             Began as a Vampire Enchanter on Nov 28, 2019.
             Slain by Crazy Yiuf
             ... wielding a +4 quarterstaff of chaos
              (19 damage)
             ... on level 3 of the Dungeon.
             The game lasted 00:16:16 (3049 turns).

JackS81 the Sneak (Vampire Enchanter)               Turns: 3049, Time: 00:16:16

Health: -5/35      AC:  2    Str: 10 (11) XL:     5   Next: 76%
Magic:  6/9        EV: 13    Int: 14 (17) God:
Gold:   166        SH:  0    Dex: 13 (15) Spells: 0/9 levels left

rFire    . . .     SeeInvis +   a - +1 dagger
rCold    . . .     Gourm    .   (no shield)
rNeg     . . .     Faith    .   b - +0 robe
rPois    .         Spirit   .   (no helmet)
rElec    .         Reflect  .   (no cloak)
rCorr    .         Harm     .   (no gloves)
MR       .....                  (no boots)
Stlth    +++.......             (no amulet)
HPRegen  0.32/turn              i - +2 ring of intelligence
MPRegen  0.11/turn              (no ring)

@: regenerating quickly, hasted, very quick
A: claws 1, fangs 3, see invisible, unbreathing
a: Bat Form


You were on level 3 of the Dungeon.
You were almost alive.

You visited 1 branch of the dungeon, and saw 3 of its levels.

You collected 166 gold pieces.

Inventory:

Hand Weapons
 a - a +1 dagger (weapon)
Missiles
 c - 305 sling bullets
 h - 356 arrows
Armour
 b - a +0 robe (worn)
Jewellery
 i - a +2 ring of intelligence (left claw)
Scrolls
 f - 5 scrolls of identify {unknown}
 g - a scroll of magic mapping {unknown}
 j - a scroll of remove curse {unknown}
 k - 2 scrolls of teleportation {unknown}
 m - a scroll of enchant armour {unknown}
 o - a scroll of fear {unknown}
Potions
 e - 13 potions of blood
 l - a potion of haste


   Skills:
 * Level 4.3 Short Blades
 + Level 2.6 Dodging
 + Level 6.4 Stealth
 + Level 2.9 Spellcasting
 * Level 5.5 Hexes


You couldn't memorise any spells.
You knew the following spells:

 Your Spells              Type           Power        Failure   Level  Hunger
a - Corona                Hex            ###....      2%          1    #......
b - Ensorcelled Hibernat  Hex/Ice        #.....       11%         2    ##.....
c - Confuse               Hex            ###.....     7%          3    ###....
d - Dazzling Spray        Conj/Hex       #.....       21%         3    ###....

Your spell library contained the following spells:

 Spells                   Type           Power        Failure   Level  Hunger
 Tukima's Dance           Hex            ###.....     7%          3    ###....
 Yara's Violent Unravell  Hex/Tmut       #.........   56%         4    #####..
 Metabolic Englaciation   Hex/Ice        #.........   88%         5    ######.
 Petrify                  Tmut/Erth      #.......     91%         4    #####..
 Mana Rupture             Conj/Hex       #.........   100%        7    #######


Dungeon Overview and Level Annotations

Branches:
Dungeon (3/12)

Altars:
Makhleb

Annotations:
D:3 Crazy Yiuf


Innate Abilities, Weirdness & Mutations

Your natural rate of healing is unusually fast.
You have sharp fingernails.
You have razor-sharp teeth.
You have supernaturally acute eyesight. (SInv)
You can survive without breathing.


Message History

Found a mace.
Unknown command.
Casting: Confuse (safe; 7% risk of failure)
Confirm with . or Enter, or press ? or * to list all spells.
Okay, then.
There is an open door here.
Casting: Confuse (safe; 7% risk of failure)
Confirm with . or Enter, or press ? or * to list all spells.
Aiming: Confuse (safe; 7% risk of failure)
Press: ? - help, Shift-Dir - straight line, f - Crazy Yiuf
Aim: Crazy Yiuf, wielding a +4 quarterstaff of chaos and wearing a +0 cloak (chance to defeat MR: 56%) Crazy Yiuf appears confused.
You hit Crazy Yiuf but do no damage.
Crazy Yiuf drinks a potion.
Crazy Yiuf seems to grow stronger.
You barely miss Crazy Yiuf.
Crazy Yiuf hits you with a +4 quarterstaff of chaos!!
Ouch! That really hurt!
You are electrocuted!!
Ouch! That really hurt!
You die...

#...()..# #.##....%......##.#
####.#### #.##.##.##..(..##.#
#...# #.......###...###.# #..##
######### #..####.### #..#
#.......... ####..# #.....##.##
......#### ##### #.....##.##
.......#.## ###..)# #......##.##
..........####.'@g.# ##.....##.##
##.#.......#..##...# #.....##...
#.#...#..#.######## ###########
#.#..####### # ##.#..# #
......###### ### # ........##.#
#.# ############# .......#
#.#####.# #.<.......<##
.......###.......####.###.####.##


You could see Crazy Yiuf (confused).

Vanquished Creatures
  A bullfrog (D:3)
  An orc priest (D:3)
  Robin (D:3)
  3 adders
  An ooze (D:2)
  An adder skeleton (D:3)
  A worm (D:3)
  3 dart slugs
  3 leopard geckos
  4 orcs (D:3)
  A ball python (D:2)
  6 bats
  A giant cockroach (D:1)
  9 goblins
  9 hobgoblins
  9 jackals
  A quokka (D:1)
  3 frilled lizards
  8 kobolds
  6 rats
72 creatures vanquished.

Notes
Turn   | Place    | Note
-------+----------+-------------------------------------------
     0 | D:1      | JackS81 the Vampire Enchanter began the quest for the Orb.
     0 | D:1      | Reached XP level 1. HP: 13/13 MP: 3/3
   105 | D:1      | Reached skill level 5 in Stealth
   463 | D:1      | Reached XP level 2. HP: 18/19 MP: 5/5
  1027 | D:2      | Learned a level 2 spell: Ensorcelled Hibernation
  1034 | D:2      | Reached XP level 3. HP: 24/24 MP: 3/6
  1278 | D:2      | Learned a level 3 spell: Confuse
  2142 | D:3      | Reached XP level 4. HP: 24/30 MP: 1/7
  2213 | D:3      | Found a burning altar of Makhleb.
  2302 | D:3      | Noticed Robin
  2318 | D:3      | Killed Robin
  2318 | D:3      | Reached skill level 6 in Stealth
  2602 | D:3      | Noticed a bullfrog
  2614 | D:3      | Killed a bullfrog
  2614 | D:3      | Reached skill level 5 in Hexes
  2614 | D:3      | Reached XP level 5. HP: 29/35 MP: 5/9
  2879 | D:3      | Learned a level 3 spell: Dazzling Spray
  3036 | D:3      | Found a runed door.
  3044 | D:3      | Noticed Crazy Yiuf
  3049 | D:3      | Slain by Crazy Yiuf

Skill      XL: |  1  2  3  4 |
---------------+-------------+-----
Stealth        | 5 6 |  6.4
Short Blades   | 2 3 4 |  4.3
Hexes          | 5 |  5.5
Dodging        | |  2.6
Spellcasting   | |  2.9

Action                   |  1- 3 |  4- 6 || total
-------------------------+-------+-------++-------
Melee: Dagger            |   152 |   125 ||   277
       Bite              |     5 |    13 ||    18
 Cast: Corona            |     5 |     4 ||     9
       Ensorcelled Hiber |    17 |    13 ||    30
       Confuse           |       |     4 ||     4
       Dazzling Spray    |       |     1 ||     1
  Use: Potion            |    12 |    13 ||    25
       Scroll            |       |     1 ||     1
 Stab: Sleeping          |    18 |     5 ||    23
       Confused          |       |     2 ||     2
       Distracted        |       |     1 ||     1
Armor: Robe              |     6 |     7 ||    13
Dodge: Dodged            |    66 |    56 ||   122
